 Dungeon Crawl Stone Soup version 0.21-a0-538-gd16b88a (webtiles) character file.

16191 Gorice the Spear-Bearer (level 12, -1/88 HPs)
             Began as a Demonspawn Wanderer on Dec 15, 2017.
             Was an Elder of Qazlal.
             Slain by a polar bear (2 damage)
             ... on level 3 of the Lair of Beasts.
             The game lasted 00:41:14 (12950 turns).

Gorice the Spear-Bearer (Demonspawn Wanderer)      Turns: 12950, Time: 00:41:16

Health: -1/88      AC: 19    Str: 23    XL:     12   Next: 7%
Magic:  12/12      EV:  9    Int: 12    God:    Qazlal [****..]
Gold:   845        SH:  5    Dex: 14    Spells: 11/11 levels left

rFire    . . .     SeeInvis +   a - +0 halberd
rCold    . . .     Gourm    .   (shield currently unavailable)
rNeg     . . .     Faith    .   y - +0 plate armour
rPois    +         Spirit   .   (no helmet)
rElec    .         Reflect  .   f - +0 cloak
rCorr    .         Harm     .   (no gloves)
MR       .....                  (no boots)
Stlth    ..........             r - amulet of magic regeneration
HPRegen  0.24/turn              d - +5 ring of strength
MPRegen  0.38/turn              e - ring of Day {rPois AC+3 SInv Stlth+}

@: repel missiles
A: repulsion field 1, nightstalker 1, spiny 3
a: Upheaval, Elemental Force, Renounce Religion


You were on level 3 of the Lair of Beasts.
You worshipped Qazlal.
Qazlal was greatly pleased with you.
You were hungry.

You visited 3 branches of the dungeon, and saw 14 of its levels.

You collected 845 gold pieces.

Inventory:

Hand Weapons
 a - a +0 halberd (weapon)
 b - a +2 trident of venom
   (You found it on level 9 of the Dungeon)
Missiles
 n - 7 javelins (quivered)
 I - 9 tomahawks
 Y - 380 stones
 Z - 2 throwing nets
Armour
 f - a +0 cloak (worn)
 y - a +0 plate armour (worn)
Jewellery
 d - a +5 ring of strength (left hand)
 e - the ring of Day (right hand) {rPois AC+3 SInv Stlth+}
   (You found it on level 4 of the Dungeon)

   [ring of protection]

   It affects your AC (+3).
   It protects you from poison.
   It lets you see invisible.
   It makes you more stealthy.
 m - an uncursed ring of ice
 r - an amulet of magic regeneration (around neck)
 A - an uncursed amulet of guardian spirit {unknown}
 C - an uncursed ring of ice
Wands
 q - a wand of iceblast (14)
 D - a wand of acid (3)
 E - a wand of digging (10)
 G - a wand of paralysis (20)
Scrolls
 h - 2 scrolls of enchant weapon
 j - 8 scrolls of teleportation {!r}
 w - 3 scrolls of fog
 z - a scroll of enchant armour
 B - 5 scrolls of identify
Potions
 g - 4 potions of might {!q}
 i - a potion of invisibility {!q}
 o - a potion of mutation {!q}
 p - a potion of agility {!q}
 x - a potion of resistance {!q}
 H - a potion of lignification {!q}
Books
 k - a book of Maledictions
 L - a book of Minor Magic
Miscellaneous
 F - a lamp of fire
Comestibles
 c - 8 fruits
 t - 8 royal jellies
 u - 2 bread rations {!e}
 v - 2 meat rations {!e}


   Skills:
 - Level 6.0 Fighting
 * Level 14.2 Polearms
 + Level 10.7 Armour
 - Level 1.0 Stealth
   Level 1.0 Shields


You had 11 spell levels left.
You didn't know any spells.

Dungeon Overview and Level Annotations

Branches:
Dungeon (9/15)             Temple (1/1) D:6            Lair (4/6) D:9
 Shoals (0/4) Lair:4
  Snake: Lair:2-4    Spider: Lair:2-4       Orc: D:9-12

Altars:
Ashenzari
Cheibriados
Dithmenos
Elyvilon
Fedhas
Gozag
Hepliaklqana
Kikubaaqudgha
Makhleb
Nemelex Xobeh
Okawaru
Qazlal
Ru
Sif Muna
Trog
Uskayaw
Vehumet
Wu Jian
Xom
Yredelemnul
Zin
The Shining One
Lugonu

Annotations:
D:6 exclusion: statue
Lair:4 Urug; zero's ghost, journeyman SpEn


Innate Abilities, Weirdness & Mutations

You are surrounded by a mild repulsion field. (EV +2)
You are slightly more attuned to the shadows.
You are completely covered in sharp spines.


Message History

You see here 18 sling bullets.
You hear a bellow!
You block the porcupine's attack.
You hear a bellow!
You hear a bellow!
The porcupine twitches its whiskers.
You hear an angry growl.
You hear a bellow!
You hear a shout!
You hear an angry hiss.
The blink frog blinks!
You hear an angry growl.
You block the porcupine's attack.
You hear an angry hiss.
A polar bear comes into view.
The blink frog blinks!
There is a stone staircase leading up here.
The porcupine is struck by your spines. The porcupine bites you.
* * * LOW HITPOINT WARNING * * *
The polar bear bites you but does no damage.
The polar bear claws you but does no damage.
You block the polar bear's attack. The porcupine is struck by your spines.
You kill the porcupine!
Qazlal accepts your kill.
You climb upwards.
There is a stone staircase leading down, spattered with blood here.
Unknown command.
Unknown command.
Unknown command.
Unknown command.
Unknown command.
Unknown command.
Unknown command.
Unknown command.
Unknown command.
Unknown command.
Unknown command.
Unknown command.
Unknown command.
Damage: 1 (max 1) Unknown command.
Unknown command.
Unknown command.
Unknown command.
Unknown command.
You block the porcupine's attack.
There is an escape hatch in the ceiling here.
The polar bear bites you!
* * * LOW HITPOINT WARNING * * *
The polar bear claws you.
You die...

P.##......##...###..#...## #
...####...[##......##....# #
..###.########....##P...## ##
..........##.####..#....# #.
........................#### ##
.......)>[.....§.≈......##.# ##
...............≈≈≈.#.......# #.
...........§.<.r≈≈.........######
..##P#....#.#..h@§.........#...##
######......§.............<...###
##.........§§.§....##........
#####P......##........###.....##.
..#.P...##P.#..P.......##.......#
.#............#.......##.........
.....................###.........
....................## ##........
....................# #........


You could see a polar bear and a porcupine.

Vanquished Creatures
  A hydra (Lair:3)
  A two-headed ogre (D:9)
  A manticore (D:9)
  4 spiny frogs
  2 rime drakes (Lair:3)
  4 komodo dragons
  3 polar bears (Lair:3)
  Grinder (D:6)
  6 hippogriffs
  9 blink frogs
  Sigmund (D:3)
  9 yaks
  2 basilisks
  Menkaure (D:5)
  A naga (Lair:3)
  Duvessa (D:7)
  5 water moccasins
  9 porcupines
  2 ice beasts
  10 black bears
  A sky beast (D:6)
  3 orc warriors
  2 phantoms
  4 ogres
  4 centaurs
  3 crocodiles
  7 bullfrogs
  A wyvern zombie (D:7)
  Dowan (D:7)
  A water moccasin skeleton (D:6)
  3 scorpions
  3 howler monkeys
  4 crimson imps
  7 jellies
  A quasit (D:6)
  2 centaur zombies
  3 hounds
  2 orc priests
  2 iguanas
  Natasha (thrice) (D:4)
  7 orc wizards
  13 worker ants
  A worker ant zombie (D:9)
  10 adders
  3 shadow imps
  2 adder zombies
  An adder skeleton (D:7)
  A worm (D:2)
  3 dart slugs (D:2)
  4 leopard geckos
  24 orcs
  2 ball pythons
  10 bats
  8 giant cockroaches
  14 goblins
  9 hobgoblins
  9 jackals
  4 kobolds
  4 quokkas
  3 frilled lizards
  A jackal zombie (D:8)
  8 rats
271 creatures vanquished.

Vanquished Creatures (others)
  17 fungi
  7 plants
24 creatures vanquished.

Grand Total: 295 creatures vanquished

Notes
Turn   | Place    | Note
-------+----------+-------------------------------------------
     0 | D:1      | Gorice the Demonspawn Wanderer began the quest for the Orb.
     0 | D:1      | Gorice set off with: a +2 scale mail, a potion of lignification {!q}, a +0 spear, a bread ration {!e}
     0 | D:1      | Reached XP level 1. HP: 22/22 MP: 1/1
    72 | D:1      | Reached skill level 1 in Polearms
    72 | D:1      | Reached skill level 2 in Armour
   280 | D:1      | Gained mutation: You are partially covered in sharp spines. [demonic ancestry]
   280 | D:1      | Reached XP level 2. HP: 28/28 MP: 2/2
   444 | D:1      | Found a sparkling altar of Nemelex Xobeh.
   815 | D:2      | Reached skill level 2 in Polearms
   815 | D:2      | Reached XP level 3. HP: 31/34 MP: 3/3
  1213 | D:2      | Gained mutation: You are surrounded by a mild repulsion field. (EV +2) [demonic ancestry]
  1213 | D:2      | Reached XP level 4. HP: 40/40 MP: 4/4
  1585 | D:2      | Found an iron altar of Okawaru.
  1585 | D:2      | Found a sacrificial altar of Ru.
  1586 | D:2      | Found a stormy altar of Qazlal.
  1595 | D:2      | Became a worshipper of Qazlal Stormbringer
  1605 | D:2      | Reached skill level 3 in Polearms
  1832 | D:3      | Reached skill level 3 in Armour
  1832 | D:3      | Reached XP level 5. HP: 43/46 MP: 5/5
  1949 | D:3      | Reached * piety under Qazlal
  2012 | D:3      | Noticed Sigmund
  2025 | D:3      | Killed Sigmund
  2025 | D:3      | Reached skill level 4 in Polearms
  2025 | D:3      | Gained mutation: You are mostly covered in sharp spines. [demonic ancestry]
  2025 | D:3      | Reached XP level 6. HP: 52/52 MP: 6/6
  2160 | D:3      | Found a blossoming altar of Fedhas.
  2525 | D:4      | Got a scorched wooden ring
  2537 | D:4      | Identified the ring of Day {rPois AC+3 SInv Stlth+} (You found it on level 4 of the Dungeon)
  2829 | D:4      | Noticed Natasha
  2839 | D:4      | Killed Natasha
  2839 | D:4      | Reached skill level 5 in Polearms
  2865 | D:4      | Reached skill level 4 in Armour
  2890 | D:4      | Noticed Natasha
  2895 | D:4      | Killed Natasha
  2928 | D:4      | Noticed Natasha
  2943 | D:4      | Killed Natasha
  3037 | D:5      | Entered Level 5 of the Dungeon
  3037 | D:5      | Noticed Menkaure
  3042 | D:5      | Killed Menkaure
  3042 | D:5      | Reached XP level 7. HP: 58/58 MP: 7/7
  3241 | D:5      | Reached skill level 6 in Polearms
  3324 | D:5      | Reached skill level 5 in Armour
  3334 | D:5      | Reached ** piety under Qazlal
  3592 | D:5      | Reached XP level 8. HP: 64/64 MP: 8/8
  3735 | D:5      | Found a shadowy altar of Dithmenos.
  3812 | D:5      | Reached skill level 7 in Polearms
  4092 | D:6      | Got a topaz-encrusted ring mail
  4112 | D:6      | Noticed Grinder
  4117 | D:6      | Killed Grinder
  4123 | D:6      | Found a shattered altar of Ashenzari.
  4132 | D:6      | Found a radiant altar of Vehumet.
  4145 | D:6      | Found a staircase to the Ecumenical Temple.
  4157 | Temple   | Entered the Ecumenical Temple
  4279 | D:6      | Found a shadowy altar of Dithmenos.
  4316 | D:6      | Reached skill level 8 in Polearms
  4352 | D:6      | Reached skill level 6 in Armour
  4366 | D:6      | Found a deep blue altar of Sif Muna.
  4416 | D:6      | Found a bloodstained altar of Trog.
  4856 | D:6      | Identified the cursed +1 ring mail of Widaleac {rElec Int+3 SInv} (You found it on level 6 of the Dungeon)
  4925 | D:7      | Reached XP level 9. HP: 67/69 MP: 9/9
  5183 | D:7      | Reached skill level 9 in Polearms
  5778 | D:7      | Noticed Dowan
  5845 | D:7      | Noticed Duvessa
  5858 | D:7      | Killed Duvessa
  5858 | D:7      | Reached skill level 7 in Armour
  6091 | D:7      | Killed Dowan
  6532 | D:8      | Reached skill level 10 in Polearms
  6580 | D:8      | Found a shadowy altar of Dithmenos.
  7169 | D:8      | Reached XP level 10. HP: 35/76 MP: 10/10
  7494 | D:9      | Reached skill level 8 in Armour
  7513 | D:9      | Reached *** piety under Qazlal
  7513 | D:9      | Reached skill level 11 in Polearms
  7723 | D:9      | Found a staircase to the Lair.
  7756 | D:9      | Found a hide-covered altar of Uskayaw.
  7922 | D:9      | Noticed a manticore
  7933 | D:9      | Killed a manticore
  8397 | D:9      | Noticed a two-headed ogre
  8404 | D:9      | Killed a two-headed ogre
  8897 | D:9      | Found a basalt altar of Yredelemnul.
  8959 | Lair:1   | Entered Level 1 of the Lair of Beasts
  8973 | Lair:1   | Reached skill level 12 in Polearms
  9109 | Lair:1   | Reached skill level 9 in Armour
  9865 | Lair:2   | HP: 17/76 [komodo dragon (12)]
  9896 | Lair:2   | HP: 15/76 [crocodile (9)]
  9979 | Lair:2   | HP: 19/76 [bullfrog (3)]
 10436 | Lair:2   | Gained mutation: You are completely covered in sharp spines. [demonic ancestry]
 10436 | Lair:2   | Reached XP level 11. HP: 81/81 MP: 11/11
 10751 | Lair:3   | Reached **** piety under Qazlal
 10924 | Lair:3   | Reached skill level 13 in Polearms
 10981 | Lair:3   | Noticed a six-headed hydra
 11143 | Lair:3   | Killed a six-headed hydra
 11169 | Lair:3   | Reached skill level 10 in Armour
 12149 | Lair:4   | Noticed zero's ghost (journeyman SpEn)
 12150 | Lair:4   | Found a staircase to the Shoals.
 12276 | Lair:4   | Reached skill level 14 in Polearms
 12620 | Lair:3   | Gained mutation: You are slightly more attuned to the shadows. [demonic ancestry]
 12620 | Lair:3   | Reached XP level 12. HP: 65/88 MP: 12/12
 12886 | Lair:4   | Noticed an eight-headed hydra
 12891 | Lair:4   | HP: 21/88 [eight-headed hydra (18)]
 12894 | Lair:4   | HP: 9/88 [eight-headed hydra (4)]
 12896 | Lair:4   | Noticed a six-headed hydra
 12896 | Lair:4   | Noticed Urug
 12901 | Lair:4   | HP: 26/88 [poisoned by a naga (splash of poison)]
 12902 | Lair:4   | HP: 4/88 [blink frog (13)]
 12907 | Lair:4   | HP: 4/88 [porcupine (2)]
 12913 | Lair:4   | HP: 3/88 [poisoned by a naga (splash of poison)]
 12941 | Lair:4   | HP: 8/88 [porcupine (2)]
 12950 | Lair:3   | HP: 1/88 [polar bear (9)]
 12950 | Lair:3   | Slain by a polar bear

Vault maps used:
D:1:      saegor_arrival_simple_c, nemelex_diamond_rough_becter
D:2:      cheibrodos_greedy_goblins, gammafunk_temple_overflow_claw, first_bread
D:3:      lemuel_coloured_pillars_altar, uniq_sigmund
D:4:      uniq_natasha
D:5:      marbit_many_paths, kennysheep_pointless_box, uniq_menkaure
D:6:      led_sif_book, vehumet_statue, ashenzari_conservatory_becter,
          bloody_trog, minmay_temple_entry_mist, basic_altar, serial_aquarium,
          aquarium_bridge_straight, aquarium_bridge_straight, aquarium_window_1,
          aquarium_window_corner, aquarium_view_4, uniq_grinder
D:7:      nicolae_whirlpool, uniq_duvessa
D:8:      grunt_dithmenos_smoke_and_mirrors
D:9:      eat_drink_and_be_merry_uskayaw, kennysheep_little_box,
          grunt_lair_entry_orc_guard_hut
Temple:   kb_corrupted_temple
Lair:1:   grunt_forest_small_clearing_treed
Lair:2:   hibernation_bobbens
Lair:3:   beast_lair_carwin_large_1, lemuel_old_faithful, lemuel_fruit_tree
Lair:4:   shoals_dummy_entry, minmay_snake_entry_guardpost_medium, minivault_23,
          beast_lair_carwin_1, uniq_urug

Skill      XL: |  1  2  3  4  5  6  7  8  9 10 11 |
---------------+----------------------------------+-----
Polearms       | 1 2 3 4 5 6 8 10 12 14 | 14.2
Armour         | 2 3 4 5 6 7 9 10 | 10.7
Fighting       | |  6.0
Stealth        | |  1.0
Shields        | |  1.0

Action                   |  1- 3 |  4- 6 |  7- 9 | 10-12 || total
-------------------------+-------+-------+-------+-------++-------
Melee: Spear             |    93 |    89 |       |       ||   182
       Trident           |       |    61 |   262 |    94 ||   417
       Halberd           |       |       |    57 |   294 ||   351
Throw: Javelin           |       |       |     7 |    20 ||    27
Invok: Upheaval          |       |       |     1 |       ||     1
Evoke: Wand              |       |       |     4 |     3 ||     7
  Use: Scroll            |     6 |     3 |    11 |     7 ||    27
       Potion            |       |     1 |       |     3 ||     4
  Eat: Chunk             |     1 |     6 |    13 |    18 ||    38
Armor: Scale mail        |    34 |    40 |    67 |       ||   141
       Plate armour      |       |       |    75 |   203 ||   278
Dodge: Dodged            |    35 |    47 |    84 |   128 ||   294
       Deflected         |       |       |       |     2 ||     2
Block: Other             |       |     1 |    27 |    74 ||   102

Table legend:
 A = Spawn XP
 B = Non-spawn XP
 C = Spawn XP percentage of total XP
 D = Spawn monster count
 E = Non-spawn monster count
 F = Spawn count percentage of total count
 G = Total turns spent on level
                    A         B        C        D         E        F      G
               +---------+---------+-------+---------+---------+-------+---------
         Total |       0 |   23131 |   0.0 |       0 |     271 |   0.0 | 12950
               +---------+---------+-------+---------+---------+-------+---------
           D:1 |       0 |      41 |   0.0 |       0 |      17 |   0.0 |   795
           D:2 |       0 |     104 |   0.0 |       0 |      34 |   0.0 |   973
           D:3 |       0 |     296 |   0.0 |       0 |      21 |   0.0 |   745
           D:4 |       0 |     286 |   0.0 |       0 |      15 |   0.0 |   613
           D:5 |       0 |     821 |   0.0 |       0 |      24 |   0.0 |   921
           D:6 |       0 |    1107 |   0.0 |       0 |      19 |   0.0 |   750
           D:7 |       0 |    1464 |   0.0 |       0 |      23 |   0.0 |  1496
           D:8 |       0 |    1937 |   0.0 |       0 |      25 |   0.0 |  1223
           D:9 |       0 |    3024 |   0.0 |       0 |      31 |   0.0 |  1334
        Lair:1 |       0 |     961 |   0.0 |       0 |       5 |   0.0 |  1027
        Lair:2 |       0 |    2531 |   0.0 |       0 |      13 |   0.0 |  1080
        Lair:3 |       0 |    9263 |   0.0 |       0 |      38 |   0.0 |  1613
        Lair:4 |       0 |    1296 |   0.0 |       0 |       6 |   0.0 |   271
               +---------+---------+-------+---------+---------+-------+---------

Table legend:
 A = Turns spent in this place as a percentage of turns spent in the entire game.
 B = Non-inter-level travel turns spent in this place as a percentage of non-inter-level travel turns spent in the entire game.
 C = Inter-level travel turns spent in this place as a percentage of turns spent in this place.
 D = Turns resting spent in this place as a percentage of non-inter-level travel turns spent in this place.
 E = Turns spent auto-exploring this place as a percentage of non-inter-level travel turns spent in this place.
 F = Non-inter-level travel turns spent in this place divided by the number of levels of this place that you've seen.
                   A       B       C       D       E      F
               +-------+-------+-------+-------+-------+----------------------
         Total | 100.0 | 100.0 |   4.6 |  23.0 |  47.0 | 882.4
       Dungeon |  68.3 |  69.0 |   3.7 |  19.8 |  50.4 | 946.9
        Temple |   0.8 |   0.7 |  16.5 |   0.0 |  91.2 |  91.0
          Lair |  30.8 |  30.3 |   6.3 |  30.9 |  38.2 | 935.0
               +-------+-------+-------+-------+-------+----------------------

Vault maps used:
D:1:      saegor_arrival_simple_c, nemelex_diamond_rough_becter
D:2:      cheibrodos_greedy_goblins, gammafunk_temple_overflow_claw, first_bread
D:3:      lemuel_coloured_pillars_altar, uniq_sigmund
D:4:      uniq_natasha
D:5:      marbit_many_paths, kennysheep_pointless_box, uniq_menkaure
D:6:      led_sif_book, vehumet_statue, ashenzari_conservatory_becter,
          bloody_trog, minmay_temple_entry_mist, basic_altar, serial_aquarium,
          aquarium_bridge_straight, aquarium_bridge_straight, aquarium_window_1,
          aquarium_window_corner, aquarium_view_4, uniq_grinder
D:7:      nicolae_whirlpool, uniq_duvessa
D:8:      grunt_dithmenos_smoke_and_mirrors
D:9:      eat_drink_and_be_merry_uskayaw, kennysheep_little_box,
          grunt_lair_entry_orc_guard_hut
Temple:   kb_corrupted_temple
Lair:1:   grunt_forest_small_clearing_treed
Lair:2:   hibernation_bobbens
Lair:3:   beast_lair_carwin_large_1, lemuel_old_faithful, lemuel_fruit_tree
Lair:4:   shoals_dummy_entry, minmay_snake_entry_guardpost_medium, minivault_23,
          beast_lair_carwin_1, uniq_urug
